 Dungeon Crawl Stone Soup version 0.25-a0-55-g0753fd1ad2 (webtiles) character file.

Game seed: 6037589620161186066, levelgen mode: deterministic

9847 Mort the Thaumaturge (level 11, 0/222 HPs)
             Began as a Green Draconian Earth Elementalist on Oct 25, 2019.
             Was an Elder of Sif Muna.
             Slain by a skeletal warrior
             ... wielding a +0 hand axe
             ... led by a skeletal warrior
              (12 damage)
             ... on level 10 of the Dungeon.
             The game lasted 01:06:31 (17293 turns).

Mort the Thaumaturge (DrEE)                        Turns: 17293, Time: 01:06:31

Health: 0/222      AC: 25    Str: 15    XL:     11   Next: 28%
Magic:  0/25       EV:  2    Int: 18    God:    Sif Muna [****..]
Gold:   454        SH:  6    Dex: 13    Spells: 18/30 levels left

rFire    + . .     SeeInvis .   o - +4 dagger (drain)
rCold    . . .     Gourm    .   M - +1 buckler
rNeg     + + +     Faith    .   (armour unavailable)
rPois    +         Spirit   .   (helmet currently unavailable)
rElec    .         Reflect  .   (cloak currently unavailable)
rCorr    .         Harm     .   (gloves currently unavailable)
MR       .....     NoTele   +   (boots currently unavailable)
Stlth    ..........             (no amulet)
HPRegen  0.47/turn              F - ring of protection from fire
MPRegen  0.19/turn              (no ring)

@: berserking, tree-form, very quick
A: (breathe noxious fumes), unfitting armour, AC +7
a: Channel Magic, Forget Spell, Divine Exegesis, Renounce Religion


You were on level 10 of the Dungeon.
You worshipped Sif Muna.
Sif Muna was greatly pleased with you.
You were not hungry.
You were a tree.
You visited 2 branches of the dungeon, and saw 12 of its levels.

You collected 454 gold pieces.

Inventory:

Hand Weapons
 o - a +4 dagger of draining (weapon)
 u - a +0 dagger of venom
Missiles
 b - 161 stones (quivered)
 g - 109 sling bullets
 B - 2 throwing nets
 J - 6 datura-tipped darts
Armour
 j - a +0 pair of gloves (melded)
 y - a +0 pair of boots (melded)
 M - a +1 buckler (worn)
 Q - a +2 cloak (melded)
Magical Staves
 A - an uncursed staff of summoning
Jewellery
 i - an uncursed ring of stealth
 l - an uncursed ring of ice
 w - an uncursed ring of stealth
 F - a ring of protection from fire (left branch)
 H - an uncursed ring of ice
Wands
 K - a wand of disintegration (6)
 P - a wand of iceblast (12)
Scrolls
 h - 2 scrolls of enchant armour
 q - 2 scrolls of fog
 r - a scroll of magic mapping
 z - 6 scrolls of teleportation
 O - 2 scrolls of fear
Potions
 a - 2 potions of flight
 e - 3 potions of degeneration
 f - a potion of haste
 k - 2 potions of brilliance
 p - 6 potions of curing
 x - a potion of ambrosia {unknown}
 C - a potion of cancellation {unknown}
 I - a potion of magic {unknown}
 R - a potion of might {unknown}
 T - a potion of agility {unknown}
Comestibles
 s - 6 rations


   Skills:
 - Level 10.1 Fighting
 + Level 1.7 Dodging
 - Level 1.7 Stealth
 - Level 4.1 Shields
 - Level 10.4 Spellcasting
   Level 1.0 Transmutations
 + Level 0.0 Fire Magic
 - Level 10.0 Earth Magic


You had 18 spell levels left.
You knew the following spells:

 Your Spells              Type           Power        Failure   Level  Hunger
a - Sandblast             Erth           #####.       1%          1    None
b - Stone Arrow           Conj/Erth      ####..       3%          3    None
c - Lee's Rapid Deconstr  Erth           #####.....   3%          5    #####..
d - Conjure Flame         Conj/Fire      #.......     22%         3    None

Your spell library contained the following spells:

 Spells                   Type           Power        Failure   Level  Hunger
 Passwall                 Tmut/Erth      ####....     1%          2    None
 Beastly Appendage        Tmut           ##....       4%          1    None
 Confusing Touch          Hex            #.....       8%          1    None
 Corona                   Hex            #......      8%          1    None
 Magic Dart               Conj           #...         8%          1    None
 Sticks to Snakes         Tmut           ##......     8%          2    None
 Petrify                  Tmut/Erth      ####....     8%          4    ###....
 Leda's Liquefaction      Hex/Erth       ####......   10%         4    ###....
 Blink                    Tloc           N/A          12%         2    None
 Call Imp                 Summ           #.......     12%         2    None
 Slow                     Hex            #.......     12%         2    None
 Spider Form              Tmut/Pois      ##........   19%         3    None
 Confuse                  Hex            #.......     22%         3    None
 Gell's Gravitas          Tloc           #.........   22%         3    None
 Inner Flame              Hex/Fire       #.......     22%         3    None
 Mephitic Cloud           Conj/Pois/Air  #.......     22%         3    None
 Portal Projectile        Hex/Tloc       #.....       22%         3    None
 Ice Form                 Ice/Tmut       ##......     52%         4    ###....
 Cause Fear               Hex            #.........   58%         4    ###....
 Blade Hands              Tmut           ##........   80%         5    #####..
 Yara's Violent Unravell  Hex/Tmut       ##........   86%         5    #####..
 Metabolic Englaciation   Hex/Ice        #.........   91%         5    #####..


Dungeon Overview and Level Annotations

Branches:
Dungeon (11/15)            Temple (1/1) D:5            Lair (0/6) D:11
    Orc: D:9-12

Altars:
Ashenzari
Cheibriados
Dithmenos
Elyvilon
Fedhas
Gozag
Hepliaklqana
Kikubaaqudgha
Makhleb
Nemelex Xobeh
Okawaru
Qazlal
Ru
Sif Muna
Trog
Uskayaw
Vehumet
Wu Jian
Xom
Yredelemnul
Zin
The Shining One


Innate Abilities, Weirdness & Mutations

((You can breathe blasts of noxious fumes.))
((Your lurid green scales are hard. (AC +7)))
You cannot fit into any form of body armour.
((Your system is resistant to poisons. (rPois)))
((You are cold-blooded and may be slowed by cold attacks.))


Message History

Confirm with . or Enter, or press ? or * to list all spells.
Aiming: Stone Arrow (safe; 3% risk of failure)
Press: ? - help, Shift-Dir - straight line, f/p - skeletal warrior
Aim: a skeletal warrior, wielding a +0 hand axe (severely damaged)
The stone arrow hits the skeletal warrior!
The skeletal warrior is almost destroyed.
The skeletal warrior hits you but does no damage.
Casting: Stone Arrow (safe; 3% risk of failure)
Confirm with . or Enter, or press ? or * to list all spells.
You don't have enough magic to cast that spell.
Unknown command.
A red film seems to cover your vision as you go berserk!
You feel yourself moving faster!
You feel mighty!
The skeletal warrior hits you but does no damage.
You hit the skeletal warrior but do no damage.
The skeletal warrior is almost destroyed.
You hit the skeletal warrior but do no damage.
The skeletal warrior is almost destroyed.
The skeletal warrior hits you with a +0 hand axe!
You die...

##########.......#.#....
####.#...>......
#......####.....
###.##..#####.....
#...##.#.......<..
#.##...#####...... #.#..###
####... ##z#.## #...#. #.♣#.#
###..... ##.##.# #.......
##########..##.# ##.##....
#..[.....#.###.######..##....
#≈≈≈≈≈≈≈≈..............###....
#≈≈≈≈≈≈≈≈≈≈.......####### #....
#≈≈###≈≈###≈≈.....## ####....
#≈≈+ #≈≈+ #≈≈....########....##.
#≈≈###≈≈###≈≈.............######


You could see a skeletal warrior.

Vanquished Creatures
  A hydra (D:11)
  A two-headed ogre (D:10)
  2 death yaks (D:10)
  A queen bee (D:9)
  2 hornets
  3 yaks (D:9)
  A hungry ghost (D:9)
  3 ice beasts (D:8)
  Duvessa (D:6)
  2 black bears
  A sky beast (D:5)
  An orc warrior (D:9)
  An eye of draining (D:8)
  4 phantoms
  2 ogres
  2 centaurs
  A big kobold (D:8)
  11 bullfrogs
  Dowan (D:6)
  6 scorpions
  A water moccasin zombie (D:6)
  24 killer bees
  12 wights
  3 electric eels (D:10)
  5 howler monkeys
  7 crimson imps
  2 jellies
  3 bullfrog zombies
  4 hounds
  7 orc wizards
  A bullfrog skeleton (D:9)
  5 orc priests
  2 gnoll shamans (D:8)
  3 iguanas
  4 worker ants
  A killer bee zombie (D:8)
  22 gnolls
  A worker ant zombie (D:9)
  11 adders
  2 shadow imps
  An ooze (D:5)
  2 adder skeletons
  3 worms
  A dart slug (D:2)
  4 leopard geckos
  39 orcs
  2 ball pythons
  2 giant cockroaches (D:5)
  7 goblins
  5 hobgoblins
  14 jackals
  2 quokkas
  5 bats
  A giant cockroach zombie (D:5)
  15 kobolds
  A quokka skeleton (D:5)
  A quokka zombie (D:5)
  9 rats
281 creatures vanquished.

Vanquished Creatures (others)
  An orc (D:5)
1 creature vanquished.

Grand Total: 282 creatures vanquished

Notes
Turn   | Place    | Note
-------+----------+-------------------------------------------
     0 | D:1      | Mort the Draconian Earth Elementalist began the quest for
                  | the Orb.
     0 | D:1      | Reached XP level 1. HP: 14/14 MP: 3/3
   708 | D:1      | Reached XP level 2. HP: 19/20 MP: 5/5
  1714 | D:2      | Reached XP level 3. HP: 26/26 MP: 2/6
  1719 | D:2      | Learned a level 3 spell: Stone Arrow
  1849 | D:2      | Found a glowing golden altar of the Shining One.
  2252 | D:3      | Reached XP level 4. HP: 33/33 MP: 0/7
  2256 | D:3      | Reached skill level 5 in Earth Magic
  2735 | D:3      | Reached XP level 5. HP: 38/38 MP: 8/8
  3123 | D:3      | Found a stormy altar of Qazlal.
  4029 | D:3      | Found a faded altar of an unknown god.
  4590 | D:4      | Noticed a phantom
  4766 | D:3      | Killed a phantom
  4766 | D:3      | Reached XP level 6. HP: 29/45 MP: 1/9
  5235 | D:4      | Your scales start taking on a lurid green colour.
  5235 | D:4      | Reached XP level 7. HP: 50/50 MP: 0/10
  5235 | D:4      | Gained mutation: Your system is resistant to poisons.
                  | (rPois) [Green Draconian growth]
  5738 | D:5      | Entered Level 5 of the Dungeon
  5808 | D:5      | Found a staircase to the Ecumenical Temple.
  5971 | Temple   | Entered the Ecumenical Temple
  6182 | Temple   | Became a worshipper of Sif Muna the Loreminder
  6334 | D:5      | Found a shattered altar of Ashenzari.
  6727 | D:5      | Reached XP level 8. HP: 47/57 MP: 7/11
  6954 | D:5      | Reached skill level 10 in Earth Magic
  7029 | D:5      | Found a burning altar of Makhleb.
  7029 | D:5      | Noticed a balrug
  7033 | D:5      | Noticed a smoke demon
  7086 | D:5      | Found a radiant altar of Vehumet.
  7144 | D:5      | Found an ancient bone altar of Kikubaaqudgha.
  7234 | D:5      | Reached * piety under Sif Muna
  7234 | D:5      | Reached skill level 1 in Fighting
  7615 | D:6      | Noticed Duvessa
  7617 | D:6      | Noticed Dowan
  7625 | D:6      | Killed Duvessa
  7729 | D:6      | Killed Dowan
  8688 | D:6      | Found a shadowy altar of Dithmenos.
  8931 | D:7      | Reached skill level 5 in Fighting
  9104 | D:7      | Reached XP level 9. HP: 72/74 MP: 16/16
  9146 | D:7      | Reached skill level 5 in Spellcasting
  9198 | D:7      | Learned a level 5 spell: Lee's Rapid Deconstruction
  9372 | D:7      | Found a sparkling altar of Nemelex Xobeh.
  9562 | D:8      | Noticed a -3 hand axe
  9569 | D:8      | Noticed a +0 dagger
  9678 | D:8      | Found a hide-covered altar of Uskayaw.
  9984 | D:8      | Reached ** piety under Sif Muna
 10828 | D:8      | Reached skill level 10 in Fighting
 10997 | D:8      | Reached skill level 1 in Shields
 11313 | D:9      | Reached XP level 10. HP: 93/93 MP: 0/17
 11429 | D:9      | Paralysed by a hornet for 1 turns
 11894 | D:9      | Reached *** piety under Sif Muna
 13139 | D:9      | Found an opulent altar of Gozag.
 13489 | D:9      | Reached **** piety under Sif Muna
 13845 | D:10     | Entered Level 10 of the Dungeon
 14373 | D:10     | Noticed a two-headed ogre
 14388 | D:10     | Killed a two-headed ogre
 14581 | D:10     | Reached XP level 11. HP: 99/99 MP: 15/24
 15046 | D:11     | Noticed a death yak
 15055 | D:11     | Noticed a death yak
 15283 | D:11     | Found a staircase to the Lair.
 15283 | D:11     | Noticed a death yak
 15283 | D:11     | Noticed a death yak
 15331 | D:10     | Killed a death yak
 15529 | D:11     | Noticed a death yak
 15572 | D:10     | Killed a death yak
 15572 | D:10     | Reached skill level 10 in Spellcasting
 15812 | D:11     | Noticed a seven-headed hydra
 15824 | D:11     | Killed a seven-headed hydra
 15983 | D:11     | Noticed a skeletal warrior
 15983 | D:11     | Noticed a skeletal warrior
 15983 | D:11     | Noticed a skeletal warrior
 15983 | D:11     | Noticed a skeletal warrior
 15983 | D:11     | Noticed a skeletal warrior
 16222 | D:9      | Learned a level 3 spell: Conjure Flame
 17240 | D:10     | HP: 2/99 [skeletal warrior/+0 hand axe[a skeletal warrior]
                  | (10)]
 17289 | D:10     | HP: 7/148 [skeletal warrior/+0 hand axe[a skeletal warrior]
                  | (8)]
 17293 | D:10     | Slain by a skeletal warrior

Levels and vault maps discovered:
D:1:      nicolae_arrival_memento_mori, layout_basic, serial_corexii_hall,
          chequers_hall_statues_y, chequers_hall_statues_y
D:2:      minmay_spotlight, layout_rooms, nicolae_tso_carved_into_rock
D:3:      layout_basic, chequers_ecumenical_altar_simple_redux, serial_glass,
          glass_columns_a, glass_columns_a, grunt_qazlal_clouds
D:4:      layout_cave_pools, first_ration, grunt_ministairs_14
D:5:      layout_loops_ring, fiery_altar_vehumet,
          nicolae_overflow_hidden_temple, cheibrodos_ashenzari_chains,
          minmay_temple_entry_mist, makhleb_altar_promises_db
D:6:      layout_loops_cross, grunt_dithmenos_shadows, uniq_duvessa
D:7:      layout_cave_pools, nemelex_xobeh_ov_fountains_minmay
D:8:      layout_basic, dancing_weapons_uskayaw
D:9:      layout_basic, nicolae_overflow_crystal_walls, serial_corexii_hall,
          corexii_hall_statues_s, corexii_hall_statues_s, david_nohive_1,
          serial_bayou_pond_a
D:10:     layout_rooms, water_boxes_lemuel
D:11:     layout_roguey, dpeg_lair_monsters, uniq_urug
Temple:   dpeg_chambers_temple

Table legend:
 A = Non-vault XP
 B = Vault XP
 C = Vault XP percentage of total XP
 D = Non-vault monster count
 E = Vault monster count
 F = Vault count percentage of total count
                 A         B        C        D         E       F
            +---------+---------+-------+---------+---------+-------
      Total |   10544 |    3524 |  25.0 |     256 |      25 |   8.9
            +---------+---------+-------+---------+---------+-------
        D:1 |      24 |       0 |   0.0 |      16 |       0 |   0.0
        D:2 |      69 |       3 |   4.2 |       9 |       2 |  18.2
        D:3 |     369 |       0 |   0.0 |      43 |       0 |   0.0
        D:4 |     352 |     118 |  25.1 |      19 |       1 |   5.0
        D:5 |     826 |       0 |   0.0 |      37 |       0 |   0.0
        D:6 |     441 |     353 |  44.5 |      11 |       3 |  21.4
        D:7 |     831 |       0 |   0.0 |      14 |       0 |   0.0
        D:8 |    2217 |     446 |  16.7 |      46 |       7 |  13.2
        D:9 |    2984 |     856 |  22.3 |      49 |      10 |  16.9
       D:10 |    1149 |    1748 |  60.3 |       6 |       2 |  25.0
       D:11 |    1282 |       0 |   0.0 |       6 |       0 |   0.0
            +---------+---------+-------+---------+---------+-------
